 Dungeon Crawl Stone Soup version 0.27-a0-972-gd1521fd518 (webtiles) character file.

Game seed: 10727400865318011730

105 funkygono the Firebug (level 4, -6/33 HPs)
             Began as a Draconian Fire Elementalist on Apr 14, 2021.
             Mangled by a black bear (9 damage)
             ... on level 3 of the Dungeon.
             The game lasted 00:04:27 (2723 turns).

funkygono the Firebug (Draconian Fire Elementalist) Turns: 2723, Time: 00:04:27

Health: -6/33      AC:  5    Str: 11    XL:     4   Next: 53%
Magic:  9/17       EV: 12    Int: 16    God:
Gold:   167        SH:  0    Dex: 11    Spells: 1/9 levels left

rFire    . . .     SeeInvis .   c - +2 whip (elec)
rCold    . . .     Faith    .   (no shield)
rNeg     . . .     Spirit   .   (armour unavailable)
rPois    .         Reflect  .   (helmet restricted)
rElec    .         Harm     .   (no cloak)
rCorr    .         Rampage  .   (no gloves)
Will     .....                  (no boots)
Stlth    ++........             (no amulet)
HPRegen  0.11/turn              g - ring of magical power
MPRegen  0.15/turn              (no ring)

@: very slightly contaminated
A: AC +5, unfitting armour, cold-blooded
a: no special abilities


You were on level 3 of the Dungeon.
You visited 1 branch of the dungeon, and saw 3 of its levels.

You collected 167 gold pieces.

Inventory:

Hand Weapons
 a - a +0 vampiric whip
 c - a +2 whip of electrocution (weapon)
Missiles
 l - 17 stones
Jewellery
 g - a ring of magical power (left hand)
Scrolls
 k - a scroll of noise {unknown}
Potions
 b - 2 potions of mutation
 d - a potion of attraction
 e - a potion of flight
 f - a potion of heal wounds {unknown}
 h - a potion of berserk rage {unknown}
 i - a potion of degeneration {unknown}
 j - a potion of might {unknown}


   Skills:
 + Level 1.8 Dodging
 - Level 1.7 Stealth
 * Level 3.3 Spellcasting
 * Level 2.3 Conjurations
 * Level 3.8 Fire Magic


You had one spell level left.
You knew the following spells:

 Your Spells              Type           Power      Damage    Failure   Level
a - Foxfire               Conj/Fire      48%        2x1d6     5%          1
b - Conjure Flame         Conj/Fire      12%        6-21      16%         3
c - Sticky Flame          Conj/Fire      12%        2d4       45%         4

Your spell library contained the following spells:

 Spells                   Type           Power      Damage    Failure   Level
 Inner Flame              Hex/Fire       8%         N/A       26%         3
 Fireball                 Conj/Fire      6%         3d5       82%         5


Dungeon Overview and Level Annotations

Branches:
Dungeon (3/15)

Altars:
Hepliaklqana


Innate Abilities, Weirdness & Mutations

Your plain brown scales are hard. (AC +5)
You cannot fit into any form of body armour.
You are cold-blooded and may be slowed by cold attacks.


Message History

Unknown command.
Casting: Foxfire (safe; 5% risk of failure)
Confirm with . or Enter, or press ? or * to list all spells.
You conjure some foxfire!
The foxfire hits the black bear.
The black bear is severely wounded.
The foxfire hits the black bear but does no damage.
The black bear is severely wounded.
The black bear completely misses you. The black bear closely misses you.
The black bear barely misses you.
Casting: Foxfire (safe; 5% risk of failure)
Confirm with . or Enter, or press ? or * to list all spells.
You conjure some foxfire!
The foxfire hits the black bear but does no damage.
The black bear is severely wounded.
The foxfire hits the black bear.
The black bear is severely wounded.
The black bear goes berserk!
Casting: Foxfire (safe; 5% risk of failure)
Confirm with . or Enter, or press ? or * to list all spells.
You miscast Foxfire.
Nothing appears to happen.
The foxfire hits the black bear but does no damage.
The black bear is severely wounded.
The foxfire hits the black bear.
The black bear is severely wounded.
The black bear bites you but does no damage.
The black bear claws you. x2
Casting: Foxfire (safe; 5% risk of failure)
Confirm with . or Enter, or press ? or * to list all spells.
You conjure some foxfire!
The black bear bites you! The black bear claws you.
The black bear barely misses you. The black bear bites you!
* * * LOW HITPOINT WARNING * * *
The black bear claws you but does no damage. x2
Unknown command.
The foxfire hits the black bear.
The black bear is almost dead.
The foxfire hits the black bear.
The black bear is almost dead.
Unknown command.
The black bear bites you!
You die...

#.# #.# .# #.# #.##
##'## .#...## ##...##
.#.....#### ##.....##
.........# ##.......##
#..#...#.#
#....h§.<.###...###..#
+....@....'.....#.#...
#.........##.#..##'...
##.......###...#...###
##.....## ###.....#..
##...## ##....#(.
##+## #[..#.#..
#.#...### #..##+...
##. #.##


You could see a black bear (berserk).

Vanquished Creatures
  Robin (D:2)
  5 adders
  A dart slug (D:2)
  3 bats
  4 endoplasms
  2 giant cockroaches (D:2)
  6 goblins
  8 hobgoblins
  4 ball pythons
  3 frilled lizards
  A jackal skeleton (D:3)
  4 kobolds (D:1)
  6 rats
48 creatures vanquished.

Vanquished Creatures (others)
  155 foxfires
155 creatures vanquished.

Grand Total: 203 creatures vanquished

Notes
Turn   | Place    | Note
-------+----------+-------------------------------------------
     0 | D:1      | funkygono the Draconian Fire Elementalist began the quest
                  | for the Orb.
     0 | D:1      | Reached XP level 1. HP: 14/14 MP: 3/3
    32 | D:1      | Found a faded altar of an unknown god.
   423 | D:1      | Reached XP level 2. HP: 20/20 MP: 3/5
  1189 | D:2      | Reached XP level 3. HP: 23/26 MP: 6/6
  1245 | D:2      | Learned a level 3 spell: Conjure Flame
  1533 | D:2      | Found a hazy altar of Hepliaklqana.
  1716 | D:2      | Noticed Robin
  1738 | D:2      | Killed Robin
  2160 | D:2      | Reached XP level 4. HP: 33/33 MP: 8/8
  2256 | D:2      | Learned a level 4 spell: Sticky Flame
  2707 | D:3      | Noticed a black bear
  2723 | D:3      | Mangled by a black bear

Illustrated notes

Levels and vault maps discovered:
D:1:      scummos_arrival_checkerplants, layout_loops_ring,
          ebering_ecumenical_altar_abandoned
D:2:      layout_loops_ring, basic_altar, uniq_robin
D:3:      layout_loops_corners, marbit_many_paths,
          minmay_fractal_squares_diagonal_5

Skill      XL: |  1  2  3  4 |
---------------+-------------+-----
Conjurations   | 2 |  2.3
Spellcasting   | 3 |  3.3
Dodging        | |  1.8
Stealth        | |  1.7
Fire Magic     | |  3.8

Action                   |  1- 3 |  4- 6 || total
-------------------------+-------+-------++-------
Melee: Whip              |     6 |     1 ||     7
 Cast: Foxfire           |    67 |    27 ||    94
  Use: Scroll            |     3 |     1 ||     4
Armor: Skin              |     5 |     8 ||    13
Dodge: Dodged            |    10 |    11 ||    21

Table legend: (Time is in decaauts)
 A = Elapsed time spent in this place.
 B = Non-inter-level travel time spent in this place.
 C = Inter-level travel time spent in this place.
 D = Time resting spent in this place.
 E = Time spent auto-exploring this place.
 F = Levels seen in this place.
 G = Mean time per level.
                   A        B        C        D        E       F      G
               +--------+--------+--------+--------+--------+-----+--------+
         Total |   2721 |   2653 |     68 |      0 |   2262 |   3 |  907.0 |
       Dungeon |   2721 |   2653 |     68 |      0 |   2262 |   3 |  907.0 |
               +--------+--------+--------+--------+--------+-----+--------+

Top non-repeatable levels by time:
     D:2: 1225 daAuts
     D:1: 1041 daAuts
     D:3: 454 daAuts
